 Dungeon Crawl Stone Soup version 0.29.1 (webtiles) character file.

Game seed: 6443889211925442516

18881 RascalDebosk the Fighter (level 12, 0/110 HPs)
             Began as a Minotaur Berserker on Sept 12, 2022.
             Was an Elder of Trog.
             Slain by a slime creature (6 damage)
             ... on level 12 of the Dungeon.
             The game lasted 01:24:35 (12322 turns).

RascalDebosk the Fighter (Minotaur Berserker)      Turns: 12322, Time: 01:24:36

Health: 0/110      AC: 18    Str: 24    XL:     12   Next: 31%
Magic:  11/11      EV:  8    Int: 12    God:    Trog [****..]
Gold:   353        SH:  0    Dex: 16    Spells: 11/11 levels left

rFire   . . .      SeeInvis +   a - +3 hand axe (flame)
rCold   . . .      Faith    .   (no shield)
rNeg    . . .      Spirit   .   I - +2 plate armour
rPois   .          Reflect  .   y - +2 hat
rElec   .          Harm     .   i - +2 cloak
rCorr   .          Rampage  .   r - +0 pair of gloves
Will    ++...                   (no boots)
Stlth   ..........              (no amulet)
HPRegen 1.28/turn               d - ring "Ewuon" {Fly Int+6 Dex+5 Slay+2}
MPRegen 0.12/turn               n - ring of see invisible

@: mighty, strong-willed, on berserk cooldown, flying, regenerating
A: horns 2, retaliatory headbutt, deformed body
a: Renounce Religion, Berserk, Trog's Hand, Brothers in Arms


You were on level 12 of the Dungeon.
You worshipped Trog.
Trog was greatly pleased with you.
You visited 2 branches of the dungeon, and saw 13 of its levels.

You collected 598 gold pieces.
You spent 245 gold pieces at shops.

Inventory:

Hand Weapons
 a - a +3 hand axe of flaming (weapon)
 t - the +6 flail "Feech" {drain, Str+3}
   (You found it on level 4 of the Dungeon)

   A truly terrible weapon, it drains the life of any living foe it strikes.
   Str:       It affects your strength (+3).
Missiles
 p - 5 boomerangs of dispersal
 q - 23 poisoned darts
 s - 20 boomerangs
 u - a silver boomerang
 w - 2 throwing nets
 B - 2 javelins
 E - 2 curare-tipped darts
Armour
 i - a +2 cloak (worn)
 r - a +0 pair of gloves (worn)
 y - a +2 hat (worn)
 I - a +2 plate armour (worn)
Jewellery
 d - the ring "Ewuon" (left hand) {Fly Int+6 Dex+5 Slay+2}
   (You found it on level 8 of the Dungeon)

   [ring of intelligence]

   Int:       It affects your intelligence (+6).
   Dex:       It affects your dexterity (+5).
   Slay:      It affects your accuracy & damage with ranged weapons and melee
   (+2).
   Fly:       It grants you flight.
 e - a +4 ring of evasion
 f - a ring of flight
 n - a ring of see invisible (right hand)
 H - a +6 ring of dexterity
Wands
 c - a wand of digging (4)
 g - a wand of mindburst (5)
 C - a wand of light (13) (quivered)
 G - a wand of roots (7)
Scrolls
 b - 3 scrolls of poison
 j - 4 scrolls of teleportation
 v - 3 scrolls of magic mapping
 A - a scroll of enchant weapon
Potions
 h - a potion of cancellation
 k - a potion of resistance
 l - 4 potions of curing
 o - a potion of berserk rage
 x - a potion of heal wounds
 z - 2 potions of invisibility
 F - a potion of magic {unknown}
 K - a potion of haste {unknown}


   Skills:
 + Level 11.1 Fighting
 + Level 11.0(12.0) Axes
 + Level 7.8(10.5) Maces & Flails
 + Level 8.8 Throwing
 + Level 10.8 Armour
 - Level 2.1 Dodging
 - Level 8.0 Evocations


You had 11 spell levels left.
You didn't know any spells.
Your spell library was empty.

Dungeon Overview and Level Annotations

Branches:
Dungeon (12/15)            Temple (1/1) D:4            Lair (0/5) D:11
    Orc: D:9-12

Altars:
Ashenzari
Cheibriados
Dithmenos
Elyvilon
Fedhas
Gozag
Hepliaklqana
Kikubaaqudgha
Makhleb
Nemelex Xobeh
Okawaru
Qazlal
Ru
Sif Muna
Trog
Uskayaw
Vehumet
Wu Jian
Xom
Yredelemnul
Zin
The Shining One

Shops:
D:8 (   D:9 =


Innate Abilities, Weirdness & Mutations

You have a pair of horns on your head.
You reflexively headbutt those who attack you in melee.
Armour fits poorly on your strangely shaped body.


Message History

You furiously retaliate!
You headbutt the slime creature! You slash the large slime creature!
You burn the large slime creature.
The large slime creature is heavily wounded.
You hit the slime creature. You burn the slime creature.
The large slime creature hits you!!
The slime creature hits you but does no damage.
Unknown command.
Your skin crawls.
You feel strong-willed.
A large slime creature splits.
The slime creature hits you!
You feel very mighty all of a sudden. The slime creature hits you!
* * * LOW HITPOINT WARNING * * *
The slime creature hits you but does no damage. x3
The slime creature hits you!
* * * LOW HITPOINT WARNING * * *
You slash the slime creature! You burn the slime creature.
You headbutt the slime creature!
The slime creature is almost dead.
You hit the slime creature. You burn the slime creature.
You barely miss the slime creature.
You feel yourself speed up.
The slime creature hits you but does no damage. x2
The slime creature closely misses you.
You slice the slime creature!! You burn the slime creature.
You kill the slime creature!
Trog accepts your kill.
You slash the slime creature! You burn the slime creature.
You slash the slime creature! You burn the slime creature.
The slime creature closely misses you. The slime creature hits you!
* * * LOW HITPOINT WARNING * * *
You slash the slime creature! You burn the slime creature.
The slime creature is almost dead.
You slice the slime creature!! You burn the slime creature.
You kill the slime creature!
Trog accepts your kill.
You hit the slime creature. You burn the slime creature.
The slime creature is almost dead.
The slime creature hits you.
You die...

..............
..................#.
...................#####
..^.....................
........................
...†)...................
........................
..........#.............
................@$......
.<#####........J...)....
..# ###...............[
..# #<...........###...
..# #..................
... #......###....... .
... #......# #........
... ##.........#......
.### #................


You could see a slime creature.

Vanquished Creatures
  Harold (D:11)
  Erica (D:11)
  4 two-headed ogres
  The ghost of Voxie the Protected, a novice GrFi of Trog (D:8)
  An ugly thing (D:12)
  A cyclops (D:11)
  A manticore (D:11)
  A moth of wrath (D:8)
  Joseph (D:9)
  Maurice (D:8)
  A gargoyle (D:11)
  2 unseen horrors
  A kobold demonologist (D:12)
  Prince Ribbit (D:6)
  9 slime creatures (D:12)
  Sigmund (D:6)
  A vampire (D:10)
  4 wyverns
  2 wraiths
  21 yaks
  4 water moccasins
  Edmund (D:5)
  3 ice beasts
  2 orc warriors
  A sky beast (D:7)
  3 black bears
  2 ogres
  6 centaurs
  4 bullfrogs
  3 kobold brigands
  3 necrophages
  6 scorpions
  4 wights (D:7)
  15 killer bees
  2 howler monkeys
  2 hounds (D:4)
  4 jellies
  7 orc priests
  A gnoll bouda (D:5)
  Jessica (D:2)
  8 iguanas
  4 orc wizards
  A mummy (D:11)
  9 adders
  4 gnolls (D:5)
  A shadow imp (D:5)
  2 ufetubi
  2 worms (D:2)
  3 dart slugs
  32 orcs
  4 bats
  7 endoplasms
  5 giant cockroaches
  6 goblins
  9 hobgoblins
  14 jackals
  4 quokkas
  8 ball pythons
  A frilled lizard (D:1)
  13 kobolds
  6 rats
273 creatures vanquished.

Vanquished Creatures (collateral kills)
  3 yaks (D:10)
3 creatures vanquished.

Vanquished Creatures (others)
  A bush (D:11)
  A fungus (D:11)
  30 plants
32 creatures vanquished.

Grand Total: 308 creatures vanquished

Notes
Turn   | Place    | Note
-------+----------+-------------------------------------------
     0 | D:1      | RascalDebosk the Minotaur Berserker began the quest for the
                  | Orb.
     0 | D:1      | Reached XP level 1. HP: 19/19 MP: 0/0
   325 | D:1      | Reached XP level 2. HP: 27/27 MP: 1/1
   415 | D:1      | Found a faded altar of an unknown god.
  1116 | D:2      | Noticed Jessica
  1116 | D:2      | Found a glowing golden altar of the Shining One.
  1120 | D:2      | Reached skill level 1 in Throwing
  1120 | D:2      | Reached XP level 3. HP: 33/33 MP: 2/2
  1121 | D:2      | Killed Jessica
  1122 | D:2      | Reached skill level 1 in Evocations
  1385 | D:2      | Reached XP level 4. HP: 40/40 MP: 3/3
  1447 | D:2      | Reached ** piety under Trog
  2287 | D:4      | Reached XP level 5. HP: 47/47 MP: 4/4
  2326 | D:4      | Found a staircase to the Ecumenical Temple.
  2418 | D:4      | Noticed a black bear
  2427 | D:4      | Killed a black bear
  2428 | D:4      | Reached XP level 6. HP: 55/55 MP: 5/5
  2491 | D:4      | Reached skill level 5 in Fighting
  2565 | D:4      | Found a burning altar of Makhleb.
  2568 | D:4      | Found a hide-covered altar of Uskayaw.
  2568 | D:4      | Found a glowing golden altar of the Shining One.
  2571 | D:4      | Found a hazy altar of Hepliaklqana.
  2580 | D:4      | Reached skill level 5 in Axes
  2773 | D:4      | Reached XP level 7. HP: 49/61 MP: 6/6
  2900 | D:4      | Reached skill level 5 in Armour
  2940 | D:4      | Identified the +6 flail "Feech" {drain, Str+3}
  3573 | Temple   | Entered the Ecumenical Temple
  3709 | D:5      | Entered Level 5 of the Dungeon
  3709 | D:5      | Noticed Edmund
  3720 | D:5      | Killed Edmund
  4144 | D:5      | Reached XP level 8. HP: 70/70 MP: 7/7
  4524 | D:5      | Reached *** piety under Trog
  5584 | D:6      | Reached skill level 5 in Throwing
  5736 | D:6      | Noticed Sigmund
  5737 | D:6      | Noticed an unseen horror
  5737 | D:6      | Noticed Prince Ribbit
  5740 | D:6      | Killed Sigmund
  5741 | D:6      | Reached XP level 9. HP: 79/79 MP: 8/8
  5744 | D:6      | Killed Prince Ribbit
  5746 | D:6      | Killed an unseen horror
  5982 | D:6      | Reached skill level 5 in Evocations
  6152 | D:7      | Found a blossoming altar of Fedhas.
  6178 | D:7      | Reached skill level 1 in Maces & Flails
  6349 | D:7      | Found a radiant altar of Vehumet.
  6540 | D:8      | Found a transporter.
  6548 | D:8      | Found a transporter.
  6569 | D:8      | Reached **** piety under Trog
  6620 | D:8      | Noticed Voxie's ghost (novice GrFi)
  6623 | D:8      | Noticed a moth of wrath
  6704 | D:8      | Found Dutonelu's Firing Range.
  6781 | D:8      | Reached XP level 10. HP: 89/89 MP: 9/9
  6821 | D:8      | Noticed Maurice
  6829 | D:8      | Killed Maurice
  7061 | D:8      | Found an ornate altar of the Wu Jian Council.
  7103 | D:9      | Found Moqoum's Jewellery Boutique.
  7108 | D:9      | Bought a ring of flight for 245 gold pieces
  7466 | D:9      | Noticed a two-headed ogre
  7472 | D:9      | Killed a two-headed ogre
  7762 | D:9      | Identified the +2 leather armour of Mumblety Peg {Str-4
                  | Int+3 Dex+2}
  7801 | D:9      | Noticed Joseph
  7805 | D:9      | Killed Joseph
  8104 | D:9      | Found a bloodstained altar of Trog.
  8104 | D:9      | Found a sparkling altar of Nemelex Xobeh.
  8105 | D:9      | Found a shimmering blue altar of Sif Muna.
  8405 | D:10     | Entered Level 10 of the Dungeon
  8407 | D:10     | Noticed a two-headed ogre
  8417 | D:10     | Killed a two-headed ogre
  8527 | D:10     | Found a faded altar of an unknown god.
  8527 | D:10     | Found a white marble altar of Elyvilon.
  8535 | D:10     | Found an ancient bone altar of Kikubaaqudgha.
  8537 | D:10     | Found a faded altar of an unknown god.
  8539 | D:10     | Found a snail-covered altar of Cheibriados.
  8668 | D:10     | Reached skill level 5 in Maces & Flails
  8668 | D:10     | Reached XP level 11. HP: 97/97 MP: 10/10
  8951 | D:10     | Gained mutation: Armour fits poorly on your strangely
                  | shaped body. [potion of mutation]
  9202 | D:10     | Found a sacrificial altar of Ru.
 10009 | D:8      | Killed Voxie's ghost
 10014 | D:8      | Reached skill level 10 in Fighting
 10218 | D:8      | Identified the ring "Ewuon" {Fly Int+6 Dex+5 Slay+2}
 10318 | D:11     | Noticed a two-headed ogre
 10323 | D:11     | Killed a two-headed ogre
 10326 | D:11     | Noticed Erica
 10334 | D:11     | Killed Erica
 10335 | D:11     | Reached skill level 10 in Axes
 10584 | D:11     | Noticed Harold
 10601 | D:11     | Killed Harold
 10825 | D:11     | Reached skill level 10 in Armour
 11147 | D:11     | Noticed a two-headed ogre
 11162 | D:11     | Killed a two-headed ogre
 11186 | D:11     | Reached XP level 12. HP: 18/108 MP: 11/11
 11513 | D:11     | Found a staircase to the Lair.
 12166 | D:11     | Found a snail-covered altar of Cheibriados.
 12320 | D:12     | HP: 4/110 [slime creature (11)]
 12322 | D:12     | Slain by a slime creature

Illustrated notes

Levels and vault maps discovered:
D:1:      psy_arrival_radial02, layout_basic, serial_forest,
          infiniplex_forest_lined_room_3, infiniplex_forest_lined_2,
          infiniplex_forest_side_room, infiniplex_forest_end_2,
          infiniplex_forest_lined_3, infiniplex_forest_lined_corner,
          infiniplex_forest_clump_medium, shapermc_ecumenical_altar_totnotflames
D:2:      layout_basic, basic_altar, uniq_jessica
D:3:      layout_rooms
D:4:      minmay_bubble_buster, layout_basic, grunt_temple_overflow_open,
          minmay_temple_entry_ruins, kennysheep_flooded_box,
          hangedman_feature_mirror
D:5:      layout_cave_pods, minmay_chambers_of_fives, uniq_edmund
D:6:      layout_loops_corners, uniq_sigmund, uniq_prince_ribbit1
D:7:      layout_rooms, nicolae_vehumet_altar_sigil, kennysheep_mini,
          nicolae_water_bricks
D:8:      layout_rooms, nzn_wu_jian_council_hall,
          gammafunk_ghost_berserking_beasts, nicolae_shop_firing_range,
          uniq_maurice
D:9:      layout_gridville, gammafunk_temple_overflow_forgotten, serial_shops,
          shop, uniq_joseph
D:10:     layout_loops_ring, chequers_temple_overflow_minitemple,
          nicolae_ru_sacrificial_ziggurat
D:11:     layout_long_grid, minmay_lair_entry_grove, chei_slow_surprise,
          uniq_harold, uniq_erica
D:12:     minmay_the_grid_triangle_9x9_rhombus_thin
          [minmay_the_grid_triangle_9x9_odd_lines,
          minmay_the_grid_triangle_9x9_prize_insulated,
          minmay_the_grid_triangle_9x9_dagger,
          minmay_the_grid_triangle_9x9_zippers_vertical], layout_cross,
          david_orc_3
Temple:   hellmonk_temple_beads

Skill      XL: |  1  2  3  4  5  6  7  8  9 10 11 12 |
---------------+-------------------------------------+-----
Fighting       | 4 5 6 7 8 9 10 11 | 11.1
Axes           | 4 5 6 7 8 9 10 11 | 11.0
Throwing       | 1 2 3 5 6 7 8 |  8.8
Armour         | 3 4 5 6 7 9 10 | 10.8
Evocations     | 1 2 3 4 5 6 7 8 |  8.0
Maces & Flails | 2 5 7 |  7.8
Dodging        | |  2.1

Action                   |  1- 3 |  4- 6 |  7- 9 | 10-12 || total
-------------------------+-------+-------+-------+-------++-------
Melee: Hand axe          |    60 |   105 |    71 |   290 ||   526
       Headbutt          |    12 |    19 |    31 |    68 ||   130
       Flail             |       |       |   125 |     3 ||   128
       Punch             |       |       |       |     4 ||     4
Throw: Javelin           |     2 |       |     5 |       ||     7
       Dart              |       |       |    17 |     2 ||    19
       Boomerang         |       |       |       |    24 ||    24
Invok: Berserk           |     1 |     4 |     8 |    11 ||    24
       Trog's Hand       |       |     2 |     1 |     3 ||     6
       Brothers in Arms  |       |       |       |     1 ||     1
Evoke: Wand              |       |       |       |    13 ||    13
  Use: Scroll            |       |     4 |    12 |     5 ||    21
       Potion            |       |     2 |     3 |     6 ||    11
 Stab: Sleeping          |     2 |       |       |       ||     2
       Distracted        |     1 |       |       |       ||     1
       Invisible         |       |       |       |     6 ||     6
Armor: Animal skin       |     5 |       |       |       ||     5
       Leather armour    |     7 |       |       |       ||     7
       Ring mail         |       |    28 |       |       ||    28
       Chain mail        |       |       |   132 |    10 ||   142
       Plate armour      |       |       |       |   139 ||   139
Dodge: Dodged            |    49 |    79 |   144 |   107 ||   379
Block: Buckler           |     5 |    16 |    26 |    16 ||    63
